 Dungeon Crawl Stone Soup version 0.28.0-45-g0d030f2227 (webtiles) character file.

Game seed: 16931056505833053770

28 mcbry74 the Chopper (level 3, 31/31 HPs)
             Began as a Hill Orc Fighter on May 1, 2022.
             Was a Follower of Zin.
             Quit the game on level 1 of the Dungeon.
             The game lasted 00:03:19 (578 turns).

mcbry74 the Chopper (Hill Orc Fighter)               Turns: 578, Time: 00:03:19

Health: 31/31      AC:  6    Str: 18    XL:     3   Next: 12%
Magic:  3/3        EV:  9    Int: 10    God:    Zin [*.....]
Gold:   30         SH:  4    Dex: 10    Spells: 2/2 levels left

rFire   . . .      SeeInvis .   a - +0 war axe
rCold   . . .      Faith    .   c - +0 buckler
rNeg    . . .      Spirit   .   b - +0 scale mail
rPois   .          Reflect  .   (no helmet)
rElec   .          Harm     .   (no cloak)
rCorr   .          Rampage  .   (no gloves)
Will    .....                   (no boots)
Stlth   ..........              (no amulet)
HPRegen 0.10/turn               (no ring)
MPRegen 0.08/turn               (no ring)

@: no status effects
A: no striking features
a: Renounce Religion, Recite, Donate Gold


You were on level 1 of the Dungeon.
You worshipped Zin.
Zin was aware of your devotion.
You visited 1 branch of the dungeon, and saw 1 of its levels.

You collected 33 gold pieces.
You donated 3 gold pieces to Zin.

Inventory:

Hand Weapons
 a - a +0 war axe (weapon)
Missiles
 e - 38 stones (quivered)
Armour
 b - a +0 scale mail (worn)
 c - a +0 buckler (worn)
Scrolls
 f - a scroll of teleportation {unknown}
Potions
 d - a potion of might
 g - a potion of curing {unknown}


   Skills:
 - Level 3.6 Fighting
 + Level 4.7 Axes
 - Level 3.2 Armour
 - Level 3.2 Shields


You had 2 spell levels left.
You didn't know any spells.
Your spell library was empty.

Dungeon Overview and Level Annotations

Branches:
Dungeon (1/15)

Altars:
Zin


Message History

You block the giant cockroach's attack.
The giant cockroach bites you but does no damage.
You slash the giant cockroach!
You kill the giant cockroach!
You start resting.
A kobold is nearby!
You start resting.
A kobold is nearby!
You start resting.
A kobold is nearby!
You start resting.
A kobold is nearby!
You start resting.
A kobold is nearby!
You closely miss the kobold. The kobold hits you with a +0 dagger.
You barely miss the kobold. You block the kobold's attack.
The kobold closely misses you.
You closely miss the kobold. You block the kobold's attack.
You slash the kobold!
You kill the kobold!
You start resting.
HP restored.
Things that are here:
a jackal skeleton; a jackal skeleton; a jackal skeleton
g - a sapphire potion
There is a faded altar of an unknown god here.
You cannot tell which god this altar belongs to.
Convert to them anyway?
Okay, then.
You cannot tell which god this altar belongs to.
Convert to them anyway?
Uppercase [Y]es or [N]o only, please.
You cannot tell which god this altar belongs to.
Convert to them anyway?
Zin accepts your prayer! Zin welcomes you!
You pay a tithe of 3 gold.
You can now donate money to Zin.
You can now recite Zin's Axioms of Law.
Unknown command.
Press < or > to pray at altars.
Unknown command.
Press < or > to pray at altars.
Are you sure you want to abandon this character and quit the game? (Confirm with "yes".)

########### #######
#.........# #.....#
#.........#####.....#
#.............#.....#
#...§§§...# #.......)
#.@§§...## #......
#.§§.....####......
##.§.§..÷#.........
#..§§..).)##...#..
##.....####.......
#.....# .........
#.................
#........>........
#................K


There were no monsters in sight!

Vanquished Creatures
  2 endoplasms (D:1)
  3 giant cockroaches (D:1)
  3 goblins (D:1)
  A hobgoblin (D:1)
  6 jackals (D:1)
  3 kobolds (D:1)
  2 bats (D:1)
  2 frilled lizards (D:1)
22 creatures vanquished.

Notes
Turn   | Place    | Note
-------+----------+-------------------------------------------
     0 | D:1      | mcbry74 the Hill Orc Fighter began the quest for the Orb.
     0 | D:1      | Reached XP level 1. HP: 19/19 MP: 1/1
    24 | D:1      | Reached skill level 3 in Axes
   205 | D:1      | Reached XP level 2. HP: 26/26 MP: 2/2
   339 | D:1      | Found a faded altar of an unknown god.
   341 | D:1      | Reached skill level 4 in Axes
   360 | D:1      | Reached XP level 3. HP: 12/31 MP: 3/3
   577 | D:1      | Prayed at the altar of an unknown god.
   577 | D:1      | Became a worshipper of Zin the Law-Giver
   577 | D:1      | Reached * piety under Zin
   578 | D:1      | Quit the game

Illustrated notes

Levels and vault maps discovered:
D:1:      roderic_octagonal_star, layout_rooms, ebering_ecumenical_altar_mist,
          roderic_roman_lattice

Skill      XL: |  1  2 |
---------------+-------+-----
Axes           | 3 4 |  4.7
Fighting       | |  3.6
Armour         | |  3.2
Shields        | |  3.2

Action                   || total
-------------------------++-------
Melee: War axe           ||    50
  Use: Scroll            ||     1
Armor: Scale mail        ||    23
Dodge: Dodged            ||    29
Block: Buckler           ||    14
